 Dungeon Crawl Stone Soup version 0.19.0-11-g3fc08b3 (webtiles) character file.

74 Otomara the Digger (level 4, -2/24 HPs)
             Began as a Gargoyle Earth Elementalist on Nov 8, 2016.
             Slain by a gnoll
             ... wielding a +0 spear
              (7 damage)
             ... on level 2 of the Dungeon.
             The game lasted 00:04:26 (1785 turns).

Otomara the Digger (Gargoyle Earth Elementalist)    Turns: 1785, Time: 00:04:27

Health: -2/24      AC:  6    Str: 12    XL:     4   Next: 28%
Magic:  5/9        EV: 12    Int: 16    God:
Gold:   38         SH:  0    Dex: 10    Spells: 1 memorised, 9 levels left

rFire  . . .     SeeInvis .     b - 60 stones
rCold  . . .     Gourm    .     j - +1 robe {MR+}
rNeg   + . .     Faith    .     (no shield)
rPois  ∞         Spirit   .     (no helmet)
rElec  +         Reflect  .     (no cloak)
rCorr  .         Harm     .     (no gloves)
MR     +....                    (no boots)
Stlth  ++........               (no amulet)
                                (no ring)
                                (no ring)

@: no status effects
A: negative energy resistance 1, electricity resistance, unbreathing,
petrification resistance, rot immunity, AC +3
a: no special abilities


You were on level 2 of the Dungeon.
You were not hungry.

You visited 1 branch of the dungeon, and saw 2 of its levels.

You collected 38 gold pieces.

Inventory:

Hand Weapons
 a - a +0 short sword
 c - a +0 mace
Missiles
 b - 60 stones (in hand)
 g - a throwing net
Armour
 j - a +1 robe of magic resistance (worn)
Scrolls
 k - a scroll of identify
 l - a scroll of remove curse
Potions
 f - a potion of curing {unknown}
 h - a potion of cure mutation
 m - a potion of heal wounds {unknown}
Books
 e - a book of Geomancy

   Spells                             Type                      Level
   a - Sandblast                      Earth                        1
   b - Passwall                       Transmutation/Earth          2
   c - Stone Arrow                    Conjuration/Earth            3
   d - Petrify                        Transmutation/Earth          4
   e - Lee's Rapid Deconstruction     Earth                        5
Comestibles
 d - a bread ration
 i - a beef jerky


   Skills:
 - Level 1.5 Dodging
 - Level 2.1 Stealth
 * Level 3.5 Spellcasting
   Level 0.7 Transmutations
 + Level 4.5 Earth Magic


You had 9 spell levels left.
You knew the following spells:

 Your Spells              Type           Power        Failure   Level  Hunger
a - Sandblast             Erth           ###...       3%          1    None


Dungeon Overview and Level Annotations

Branches:
Dungeon (2/15)

Altars:


Innate Abilities, Weirdness & Mutations

You are resistant to torment.
Your stone body is resilient. (AC +3)
You are immune to poison.
You resist negative energy. (rN+)
You are resistant to electric shocks. (rElec)
You can survive without breathing.
You are immune to petrification.
You are immune to rotting.


Message History

The gnoll closely misses you.
Casting: Sandblast
Confirm with . or Enter, or press ? or * to list all spells.
Aiming: Sandblast
Press: ? - help, Shift-Dir - straight line, f/p - gnoll
Aim: a gnoll, wielding a halberd (heavily wounded)
The rocky blast hits the gnoll.
The gnoll is almost dead.
The gnoll hits you from afar with a spear.
* * * LOW HITPOINT WARNING * * *
The gnoll barely misses you.
Casting: Sandblast
Confirm with . or Enter, or press ? or * to list all spells.
Aiming: Sandblast
Press: ? - help, Shift-Dir - straight line, f/p - gnoll
Aim: a gnoll, wielding a halberd (almost dead)
The rocky blast hits the gnoll.
You kill the gnoll!
The gnoll hits you from afar with a spear!
You die...

.............+..
.....##......#.#
.....+.......#.#
#....#.##...##.#
.....#.##...##.# # ##
.....#.##...##.# .##...
.#####..+...'..###g.....
## ######...#..[..g.#
#....#...#...@.).+
#....#####.......#
####....# #......(#
..#.....#####.......#
..'.................#
..#...#####....######
###...# #..... # #...#
...... ###...##


You could see 2 gnolls.

Vanquished Creatures
  Jessica (D:2)
  A gnoll (D:2)
  A worm (D:2)
  2 dart slugs
  3 goblins
  4 hobgoblins
  4 jackals (D:2)
  5 kobolds
  A quokka (D:2)
  A ball python (D:1)
  4 bats
  2 frilled lizards
  2 rats (D:1)
31 creatures vanquished.

Notes
Turn   | Place    | Note
-------+----------+-------------------------------------------
     0 | D:1      | Otomara the Gargoyle Earth Elementalist began the quest for the Orb.
     0 | D:1      | Reached XP level 1. HP: 10/10 MP: 3/3
   243 | D:1      | Reached XP level 2. HP: 13/15 MP: 0/5
   874 | D:2      | Noticed Jessica
   886 | D:2      | Killed Jessica
   886 | D:2      | Reached skill level 4 in Earth Magic
   886 | D:2      | Reached XP level 3. HP: 19/19 MP: 2/7
  1403 | D:2      | Reached XP level 4. HP: 23/24 MP: 0/9
  1785 | D:2      | Slain by a gnoll

Skill      XL: |  1  2 |
---------------+-------+-----
Spellcasting   | 3 |  3.5
Earth Magic    | 4 |  4.5
Dodging        | |  1.5
Stealth        | |  2.1
Transmutations | |  0.7

Action                   |  1- 3 |  4- 6 || total
-------------------------+-------+-------++-------
Melee: Short sword       |    52 |       ||    52
Throw: Throwing net      |     1 |       ||     1
 Cast: Sandblast         |    21 |    16 ||    37
  Use: Scroll            |     4 |     1 ||     5
  Eat: Chunk             |     2 |     1 ||     3
Armor: Robe              |    21 |     1 ||    22
Dodge: Dodged            |    58 |     8 ||    66
